 Dungeon Crawl Stone Soup version 0.23.2-40-g277498a001 (webtiles) character file.

Game seed: 16878167510051524347

14954 Frank2 the Cleaver (level 11, 0/92 HPs)
             Began as a Demigod Gladiator on Sept 14, 2019.
             Slain by a troll (1 damage)
             ... led by an orc high priest
             ... on level 2 of the Orcish Mines.
             The game lasted 00:24:49 (10381 turns).

Frank2 the Cleaver (Demigod Gladiator)             Turns: 10381, Time: 00:24:50

Health: 0/92       AC: 31    Str: 21    XL:     11   Next: 64%
Magic:  19/19      EV: 11    Int: 12    God:
Gold:   568        SH:  0    Dex: 28    Spells: 10/10 levels left

rFire    + . .     SeeInvis +   a - +4 war axe
rCold    + . .     Gourm    .   (no shield)
rNeg     . . .     Faith    .   t - +17 gold dragon scales of the Solstice {rPois rF+ rC+ Str+4 Dex+5}
rPois    +         Spirit   .   c - +2 helmet
rElec    .         Reflect  .   j - +0 cloak
rCorr    .         Harm     .   m - +1 pair of gloves
MR       ++...                  x - +2 pair of boots
Stlth    ..........             p - amulet of regeneration
HPRegen  0.65/turn              r - ring of Wariness {MR+ Slay+3}
MPRegen  0.16/turn              i - ring "Mueguzuf" {EV+5 SInv}

@: about to teleport, corroded, drained
A: high mp 1
a: no special abilities


You were on level 2 of the Orcish Mines.
You were hungry.

You visited 2 branches of the dungeon, and saw 12 of its levels.
You also visited: Bailey.

You collected 1221 gold pieces.
You spent 653 gold pieces at shops.

Inventory:

Hand Weapons
 a - a +4 war axe (weapon)
 D - a +0 war axe of flaming
Armour
 c - a +2 helmet (worn)
 j - a +0 cloak (worn)
 m - a +1 pair of gloves (worn)
 t - the +17 gold dragon scales of the Solstice (worn) {rPois rF+ rC+ Str+4 Dex+5}
   (You found it in a bailey)

   It affects your strength (+4).
   It affects your dexterity (+5).
   It protects you from fire.
   It protects you from cold.
   It protects you from poison.
 x - a +2 pair of boots (worn)
Jewellery
 i - the ring "Mueguzuf" (right hand) {EV+5 SInv}
   (You found it in a bailey)

   [ring of evasion]

   It affects your evasion (+5).
   It lets you see invisible.
 p - an amulet of regeneration (around neck)
 r - the ring of Wariness (left hand) {MR+ Slay+3}
   (You found it on level 6 of the Dungeon)

   [ring of protection from magic]

   It affects your accuracy and damage with ranged weapons and melee attacks
   (+3).
   It affects your resistance to hostile enchantments.
Wands
 k - a wand of digging (4)
 s - a wand of polymorph (8)
Scrolls
 g - 5 scrolls of teleportation
 l - 3 scrolls of remove curse
 q - 2 scrolls of magic mapping
 y - 2 scrolls of fog
 B - a scroll of amnesia
Potions
 b - 4 potions of curing
 d - 3 potions of might
 e - a potion of heal wounds
 h - a potion of invisibility
 o - 2 potions of flight
 u - a potion of lignification
 v - 4 potions of haste
 z - a potion of brilliance
 C - a potion of magic
Comestibles
 f - 21 rations


   Skills:
 + Level 7.1(6.5) Fighting
 + Level 12.2(11.5) Axes
 - Level 1.7(1.2) Throwing
 * Level 8.5(7.8) Armour
 + Level 4.3(3.7) Dodging
 * Level 6.5(5.8) Evocations


You had 10 spell levels left.
You didn't know any spells.
Your spell library contained the following spells:

 Spells                   Type           Power        Failure   Level  Hunger
 Flame Tongue             Conj/Fire      #....        100%        1    ##.....
 Throw Flame              Conj/Fire      #.....       100%        2    ###....
 Conjure Flame            Conj/Fire      #.......     100%        3    ####...
 Inner Flame              Hex/Fire       #.......     100%        3    ####...
 Sticky Flame             Conj/Fire      #.......     100%        4    #####..
 Fireball                 Conj/Fire      #.........   100%        5    ######.


Dungeon Overview and Level Annotations

Branches:
Dungeon (10/15)            Temple (0/1) D:7             Orc (2/2) D:10
    Elf (0/3) Orc:2
   Lair: D:8-11

Shops:
D:4 (   D:5 ?   D:6 =   D:9 *   D:10 (   Orc:2 !!

Portals:
Trove: D:10 (give 6 potions of haste)

Annotations:
D:7 2 transporters, Descartes's ghost, novice FoFi; Grum
D:10 1 transporter, tamionv's ghost, journeyman GrBe


Innate Abilities, Weirdness & Mutations

You have an increased reservoir of magic. (+10% MP)


Message History

You hit the soul eater. You hit the troll but do no damage.
You slash the sixfirhy!
The orange demon stings you but does no damage.
The soul eater hits you!
You feel drained.
* * * LOW HITPOINT WARNING * * *
The orc high priest mumbles some strange prayers to Beogh.
The orc high priest is healed somewhat.
The troll completely misses you. The troll claws you but does no damage.
The troll closely misses you.
Unknown command.
Okay, then.
As you read the scroll of teleportation, it crumbles to dust.
You feel strangely unstable. The orange demon stings you from afar.
* * * LOW HITPOINT WARNING * * *
The soul eater draws from the surrounding life force!
* * * LOW HITPOINT WARNING * * *
The soul eater is healed.
The orc high priest hits you with a +0 battleaxe.
* * * LOW HITPOINT WARNING * * *
The troll bites you.
You die...

.)#.#.#...## #...o..o..oT..$.4...
().......).###.....o.............
.#....)#)#..###....o......oo.....
)...#....##..####.......o4.o.....
...###...###..###.......3.....#.#
..## ##...###..###...............
.## ##...###..##o.............#
## ##...###.3T4......#......#
#...###@3ooo...#........ #.#.
##oo........ ##......#. ......
...... ..... ..... ....


You could see a soul eater, an orc high priest, an orange demon, a troll, a
sixfirhy, 2 orc warriors, an orc priest and 2 orcs.

Vanquished Creatures
  Harold (D:7)
  3 two-headed ogres
  A sun demon (Orc:2)
  Pikel (D:7)
  An orc knight (Orc:2)
  A gargoyle (D:10)
  2 centaur skeletons
  2 ice devils (Orc:2)
  A hornet (D:8)
  A troll (Orc:2)
  Grinder (D:5)
  2 hippogriffs
  Sigmund (D:3)
  A yak (D:9)
  A ynoxinul (Orc:2)
  3 hogs (D:9)
  A human (D:9)
  A hungry ghost (D:7)
  Eustachio (D:5)
  3 wargs
  Menkaure (D:6)
  A swamp worm (shapeshifter) (Bailey)
  A water moccasin (D:9)
  5 ice beasts
  20 orc warriors
  6 sky beasts
  10 ogres
  2 necrophages
  2 centaurs
  A gnoll sergeant (D:7)
  4 bullfrogs
  2 scorpions
  3 killer bees (D:7)
  A howler monkey (D:7)
  3 crimson imps
  3 centaur zombies
  3 bullfrog zombies
  6 hounds
  17 orc priests
  2 jellies (D:7)
  2 bullfrog skeletons
  3 iguanas
  Natasha (D:2)
  15 orc wizards
  7 worker ants
  A hound skeleton (D:7)
  A hound zombie (D:9)
  A howler monkey skeleton (D:8)
  9 gnolls
  5 adders
  A shadow imp (D:6)
  An adder skeleton (D:6)
  3 worms
  2 dart slugs
  4 leopard geckos
  103 orcs
  6 giant cockroaches
  11 goblins
  10 hobgoblins
  3 jackals (D:6)
  3 quokkas
  A ball python (D:3)
  9 bats
  3 frilled lizards
  A giant cockroach zombie (D:5)
  A jackal zombie (D:8)
  6 kobolds
  A leopard gecko zombie (D:5)
  5 rats
341 creatures vanquished.

Vanquished Creatures (others)
  2 slaves (D:7)
  6 plants (D:7)
8 creatures vanquished.

Grand Total: 349 creatures vanquished

Notes
Turn   | Place    | Note
-------+----------+-------------------------------------------
     0 | D:1      | Frank2 the Demigod Gladiator began the quest for the Orb.
     0 | D:1      | Reached XP level 1. HP: 17/17 MP: 3/3
   181 | D:1      | Reached XP level 2. HP: 23/24 MP: 4/4
   220 | D:1      | Reached skill level 3 in Axes
   685 | D:2      | Found a white marble altar of Elyvilon.
   696 | D:2      | Reached skill level 1 in Armour
   696 | D:2      | Reached XP level 3. HP: 22/29 MP: 5/5
  1248 | D:2      | Noticed Natasha
  1258 | D:2      | Killed Natasha
  1542 | D:3      | Reached XP level 4. HP: 26/36 MP: 6/6
  1574 | D:3      | Noticed Sigmund
  1588 | D:3      | Killed Sigmund
  1588 | D:3      | Reached skill level 4 in Axes
  1588 | D:3      | Reached XP level 5. HP: 21/42 MP: 7/7
  2178 | D:3      | Noticed a centaur
  2186 | D:3      | Killed a centaur
  2186 | D:3      | Reached XP level 6. HP: 37/50 MP: 8/8
  2443 | D:4      | Reached skill level 5 in Axes
  2821 | D:4      | Reached XP level 7. HP: 53/57 MP: 9/9
  2874 | D:4      | Reached skill level 6 in Axes
  3068 | D:4      | Found Ocion's Weapon Shoppe.
  3306 | D:5      | Entered Level 5 of the Dungeon
  3429 | D:5      | Reached XP level 8. HP: 66/66 MP: 10/10
  3672 | D:5      | Reached skill level 7 in Axes
  3737 | D:5      | Found Buxzogg's Magic Scroll Emporium.
  3754 | D:5      | Bought a scroll of enchant weapon for 97 gold pieces
  3754 | D:5      | Bought a scroll of magic mapping for 45 gold pieces
  3769 | D:5      | Noticed Eustachio
  3794 | D:5      | Killed Eustachio
  3824 | D:5      | Noticed Grinder
  3847 | D:5      | Paralysed by Grinder for 4 turns
  3858 | D:5      | Killed Grinder
  3858 | D:5      | Reached skill level 1 in Evocations
  3936 | D:5      | Reached skill level 8 in Axes
  3936 | D:5      | Reached skill level 5 in Armour
  4148 | D:6      | Got a heavily runed ivory ring
  4176 | D:6      | Reached XP level 9. HP: 71/71 MP: 13/13
  4179 | D:6      | Noticed Menkaure
  4186 | D:6      | Killed Menkaure
  4316 | D:6      | Found Buqim's Jewellery Emporium.
  4677 | D:6      | Reached skill level 9 in Axes
  4689 | D:6      | Identified the ring of Wariness {MR+ Slay+3} (You found it
                  | on level 6 of the Dungeon)
  4730 | D:7      | Noticed Pikel
  4736 | D:7      | Reached skill level 5 in Fighting
  4744 | D:7      | Killed Pikel
  4818 | D:7      | Noticed Harold
  4847 | D:7      | Killed Harold
  4847 | D:7      | Reached XP level 10. HP: 34/81 MP: 16/16
  5108 | D:7      | Reached skill level 10 in Axes
  5109 | D:7      | Identified the +4 shield "Axeveef" {rCorr}
  5131 | D:7      | Noticed Grum
  5155 | D:7      | Found a transporter.
  5162 | D:7      | Found a transporter.
  5165 | D:7      | Noticed Descartes's ghost (novice FoFi)
  5735 | D:7      | Found a staircase to the Ecumenical Temple.
  6278 | D:8      | Found an ancient bone altar of Kikubaaqudgha.
  6278 | D:8      | Found a bloodstained altar of Trog.
  6702 | D:9      | Noticed a two-headed ogre
  6707 | D:9      | Killed a two-headed ogre
  6802 | D:9      | Noticed a two-headed ogre
  6807 | D:9      | Killed a two-headed ogre
  6807 | D:9      | Reached skill level 5 in Evocations
  6985 | D:9      | Found Wefuesai's General Store.
  6996 | D:9      | Reached skill level 11 in Axes
  7522 | D:10     | Entered Level 10 of the Dungeon
  7749 | D:10     | Reached XP level 11. HP: 91/91 MP: 18/18
  7808 | D:10     | Found a transporter.
  7809 | D:10     | Noticed tamionv's ghost (journeyman GrBe)
  7817 | D:10     | Found a portal to a secret trove of treasure.
  7851 | D:10     | Noticed a two-headed ogre
  7854 | D:10     | Identified the cursed +1 great mace "Atsud" {speed, +Inv
                  | rN+ Dex+5}
  7854 | D:10     | Noticed a two-headed ogre
  7865 | D:10     | Found Ypreny's Antique Weapon Boutique.
  7884 | D:10     | Noticed a two-headed ogre
  7896 | D:10     | Killed a two-headed ogre
  8074 | D:10     | Found a staircase to the Orcish Mines.
  8664 | Orc:1    | Entered Level 1 of the Orcish Mines
  8664 | Orc:1    | Found a roughly hewn altar of Beogh.
  8746 | Orc:1    | Found a flagged portal.
  8772 | Bailey   | Entered a bailey
  8856 | Bailey   | Noticed an orc knight
  9063 | Bailey   | an orc knight changed into a glowing shapeshifter
  9065 | Bailey   | Noticed a swamp dragon
  9065 | Bailey   | a shining eye changed into a swamp dragon
  9078 | Bailey   | a swamp dragon changed into a swamp worm
  9207 | Bailey   | Got a shimmering steel ring
  9212 | Bailey   | Got pitted gold dragon scales
  9219 | Bailey   | Identified the ring "Mueguzuf" {EV+5 SInv} (You found it in
                  | a bailey)
  9221 | Bailey   | Identified the +17 gold dragon scales of the Solstice
                  | {rPois rF+ rC+ Str+4 Dex+5} (You found it in a bailey)
  9333 | Orc:1    | Found a bloodstained altar of Trog.
  9506 | Orc:2    | Entered Level 2 of the Orcish Mines
  9681 | Orc:2    | Noticed a stone giant
  9704 | Orc:2    | Noticed an orc high priest
  9881 | Orc:2    | Found Muanor's Distillery.
  9884 | Orc:2    | Noticed an orc knight
  9885 | Orc:2    | Found Meax's Distillery.
  9895 | Orc:2    | Noticed a sun demon
  9918 | Orc:2    | Killed an orc knight
  9922 | Orc:2    | Killed a sun demon
 10086 | Orc:2    | Reached skill level 12 in Axes
 10250 | Orc:2    | Found a staircase to the Elven Halls.
 10252 | Orc:2    | Noticed a sphinx
 10252 | Orc:2    | a stone giant changed into a sphinx
 10329 | Orc:2    | Bought a potion of curing for 51 gold pieces
 10329 | Orc:2    | Bought a potion of curing for 51 gold pieces
 10329 | Orc:2    | Bought a potion of might for 68 gold pieces
 10329 | Orc:2    | Bought a potion of heal wounds for 85 gold pieces
 10329 | Orc:2    | Bought a potion of might for 68 gold pieces
 10329 | Orc:2    | Bought a potion of might for 68 gold pieces
 10331 | Orc:2    | Bought a potion of invisibility for 120 gold pieces
 10378 | Orc:2    | Noticed a sixfirhy
 10378 | Orc:2    | Noticed a soul eater
 10381 | Orc:2    | HP: 1/92 [orc high priest/+0 battleaxe (5)]
 10381 | Orc:2    | Slain by a troll

Skill      XL: |  1  2  3  4  5  6  7  8  9 10 11 |
---------------+----------------------------------+-----
Axes           | 3 4 5 6 8 9 11 12 | 12.2
Dodging        | 3 4 |  4.3
Fighting       | 2 3 4 5 6 7 |  7.1
Armour         | 1 2 3 4 5 6 7 8 |  8.5
Evocations     | 2 4 5 6 |  6.5
Throwing       | |  1.7

Action                   |  1- 3 |  4- 6 |  7- 9 | 10-12 || total
-------------------------+-------+-------+-------+-------++-------
Melee: War axe           |    90 |   114 |   306 |   497 ||  1007
Throw: Throwing net      |       |     2 |     3 |     3 ||     8
Evoke: Wand              |       |       |    14 |    38 ||    52
  Use: Scroll            |    10 |     3 |     6 |    16 ||    35
       Potion            |       |     1 |     1 |     5 ||     7
 Stab: Sleeping          |     1 |     1 |       |       ||     2
       Held in net/web   |       |     1 |       |       ||     1
       Invisible         |       |       |       |     9 ||     9
  Eat: Chunk             |     1 |     5 |     7 |    18 ||    31
       Ration            |       |       |     1 |       ||     1
Armor: Leather armour    |    34 |     7 |       |       ||    41
       Scale mail        |       |    43 |       |       ||    43
       Chain mail        |       |     6 |   185 |   213 ||   404
       Gold dragon scale |       |       |       |   151 ||   151
Dodge: Dodged            |    75 |    71 |   147 |   320 ||   613
